 Dungeon Sprint DCSS version 0.23-b1-75-g379dba2534 (webtiles) character file.

Game seed: 15521055657825171642

13953 Forgol the Brawler (level 11, -17/124 HPs)
             Began as a Troll Berserker on Feb 7, 2019.
             Was the Champion of Trog.
             Killed from afar by an ice dragon (illusionary) (46 damage)
             ... with a blast of cold
             ... in the Dungeon (Sprint IX: "|||||||||||||||||||||||||||||").
             The game lasted 00:08:13 (1405 turns).

Forgol the Brawler (Troll Berserker)                Turns: 1405, Time: 00:08:17

Health: -17/124    AC:  8    Str: 30    XL:     11   Next: 82%
Magic:  0/3        EV: 18    Int:  3    God:    Trog [******]
Gold:   788        SH:  0    Dex: 15    Spells: 10/10 levels left

rFire    . . .     SeeInvis .   v - +8 giant spiked club (antimagic)
rCold    . . .     Gourm    +   (shield currently unavailable)
rNeg     + . .     Faith    .   E - +1 robe of the Game Afoot {rN+ Stlth+}
rPois    +         Spirit   +   B - +1 hat
rElec    .         Reflect  .   y - scarf {Spirit}
rCorr    .         Harm     .   (gloves unavailable)
MR       .....     NoTele   +   (boots unavailable)
Stlth    +++.......             z - amulet of Yendor {rPois Regen+ Stlth+}
HPRegen  1.10/turn              m - +3 ring of dexterity
MPRegen  0.08/turn              n - +3 ring of dexterity

@: berserk cooldown, slowed, very slow
A: large, unfitting armour, claws 3, fast metabolism 3, gourmand, regeneration
1, shaggy fur 1, tough skin 3
a: Berserk, Trog's Hand, Brothers in Arms, Renounce Religion


You were in the Dungeon.
You worshipped Trog.
Trog was exalted by your worship.
You were very full.

You visited 1 branch You collected 1900 gold pieces.
You spent 1112 gold pieces at shops.

Inventory:

Hand Weapons
 v - a +8 antimagic giant spiked club (weapon)
 x - a +2 antimagic great mace
 G - a +1 antimagic dire flail
Missiles
 w - 5 large rocks
Armour
 a - a +0 animal skin
 u - a +2 cloak (quivered)
 y - a scarf of spirit shield (worn)
 B - a +1 hat (worn)
 E - the +1 robe of the Game Afoot (worn) {rN+ Stlth+}
   (You found it in the Dungeon)

   It protects you from negative energy.
   It makes you more stealthy.
 F - a +0 shield of protection
Jewellery
 i - an uncursed ring of protection from magic
 m - a +3 ring of dexterity (left claw)
 n - a +3 ring of dexterity (right claw)
 z - the amulet of Yendor (around neck) {rPois Regen+ Stlth+}
   (You bought it in a shop in the Dungeon)

   [amulet of regeneration]

   It protects you from poison.
   It increases your rate of regeneration.
   It makes you more stealthy.
 A - a +4 ring of evasion
 C - an uncursed ring of protection from fire
 D - an uncursed ring of protection from magic
Wands
 l - a wand of iceblast (10)
 t - a wand of acid (6)
Scrolls
 h - 4 scrolls of blinking
 k - 5 scrolls of remove curse
 r - a scroll of fear
 H - a scroll of fog
 I - a scroll of identify
Potions
 c - 6 potions of curing
 d - 6 potions of heal wounds
 e - a potion of haste
 f - 4 potions of magic
 g - 3 potions of berserk rage
 j - a potion of invisibility
 o - 2 potions of brilliance
 p - 2 potions of agility
 q - a potion of might
Comestibles
 b - 12 rations
 s - 8 chunks of flesh


   Skills:
 + Level 12.6 Fighting
 * Level 10.5 Maces & Flails
 + Level 13.0 Dodging
 - Level 0.3 Stealth
 - Level 17.4 Unarmed Combat


You had 10 spell levels left.
You didn't know any spells.
Your spell library was empty.

Dungeon Overview and Level Annotations

Branches:
Dungeon (1/1)

Altars:
Cheibriados
Dithmenos
Elyvilon
Fedhas
Gozag
Hepliaklqana
Kikubaaqudgha
Makhleb
Nemelex Xobeh
Okawaru
Qazlal
Ru
Sif Muna
Trog
Uskayaw
Vehumet
Wu Jian
Xom
Yredelemnul
Zin
The Shining One
Beogh
Jiyva
Lugonu

Shops:
D ?*=[


Innate Abilities, Weirdness & Mutations

You are too large for most types of armour.
You have claws for hands.
Your metabolism is lightning-fast.
You like to eat raw meat.
Your natural rate of healing is unusually fast.
You are covered in fur. (AC +1)
You have extremely tough skin. (AC +3)


Message History

* * * LOW HITPOINT WARNING * * *
The ice dragon tramples you!
* * * LOW HITPOINT WARNING * * *
You hold your ground!
The ice dragon bites you but does no damage.
The ice dragon claws you.
* * * LOW HITPOINT WARNING * * *
The ice dragon tramples you!
* * * LOW HITPOINT WARNING * * *
You stumble backwards!
The ice dragon bites you but does no damage.
The ice dragon closely misses you. The ice dragon barely misses you.
The rakshasa blinks!
You feel much better. The ice dragon barely misses you.
The ice dragon closely misses you. The ice dragon tramples you.
* * * LOW HITPOINT WARNING * * *
You stumble backwards!
The ice dragon breathes frost at you. The blast of cold hits you!!!
You die...

▓.▓.▓.▓.▓.▓.▓.▓
▓.▓.▓.▓.▓.▓.▓R▓
▓)▓.▓'▓.▓.▓.▓Q▓
▓.▓.▓[▓.▓.▓.▓Q▓
▓÷▓.▓.▓.▓∩▓.▓T▓
▓'▓.▓(▓†▓.▓.▓)▓
▓.▓.▓[▓†▓∩▓.▓D▓
▓.▓.▓.▓.▓)▓.▓D▓
▓[▓.▓.▓)▓∩▓.▓@▓
▓(▓.▓.▓.▓.▓.▓(▓
▓[▓.▓÷▓.▓∩▓.▓.▓
▓)▓.▓.▓.▓.▓.▓.▓
▓|▓.▓÷▓.▓.▓.▓.▓
▓?▓.▓.▓.▓.▓.▓(▓
▓.▓.▓.▓.▓.▓.▓÷▓
▓'▓.▓÷▓.▓.▓.▓.▓
▓_▓.▓)▓.▓)▓.▓.▓


You could see 2 ice dragons, a rakshasa, 2 tengu warriors and a deep troll
shaman.

Vanquished Creatures
  Gastronok (D)
  2 centaur warriors (D)
  An orb spider (shapeshifter) (D)
  6 orc sorcerers (D)
  2 black mambas (D)
  3 spiny frogs (D)
  A kobold demonologist (D)
  A yaktaur (D)
  A rime drake (D)
  2 trolls (D)
  4 polar bears (D)
  A slime creature (D)
  A hippogriff (D)
  A wraith (D)
  Grum (D)
  3 yaks (D)
  A hungry ghost (D)
  3 porcupines (D)
  2 sky beasts (D)
  4 black bears (D)
  An eye of draining (D)
  An ice beast (D)
  11 orc warriors (D)
  An ogre (D)
  A phantom (D)
  A centaur (D)
  4 wolves (D)
  2 crocodiles (D)
  4 bullfrogs (D)
  A killer bee (D)
  A wight (D)
  2 hounds (D)
  3 orc priests (D)
  9 orc wizards (D)
  A shadow imp (D)
  2 adder zombies (D)
  An adder skeleton (D)
  10 orcs (D)
  A bat skeleton (D)
  A giant cockroach (D)
  A goblin (D)
  A hobgoblin (D)
  A ball python (D)
  A rat (D)
103 creatures vanquished.

Notes
Turn   | Place    | Note
-------+----------+-------------------------------------------
     0 | D        | Forgol the Troll Berserker began the quest for the Orb.
     0 | D        | Reached XP level 1. HP: 22/22 MP: 0/0
     8 | D        | Reached ** piety under Trog
    26 | D        | Noticed a hound
    26 | D        | Noticed a sky beast
    26 | D        | Noticed a hound
    30 | D        | Reached XP level 2. HP: 31/31 MP: 1/1
    33 | D        | Reached *** piety under Trog
    33 | D        | Reached skill level 5 in Unarmed Combat
    33 | D        | Reached XP level 3. HP: 39/39 MP: 2/2
    38 | D        | Killed a sky beast
    38 | D        | Reached skill level 5 in Fighting
    38 | D        | Reached skill level 5 in Dodging
    38 | D        | Reached skill level 7 in Unarmed Combat
    38 | D        | Reached XP level 4. HP: 50/50 MP: 3/3
    40 | D        | Reached XP level 5. HP: 57/57 MP: 4/4
    76 | D        | Found a roughly hewn altar of Beogh.
    76 | D        | Found a snail-covered altar of Cheibriados.
    76 | D        | Found a shadowy altar of Dithmenos.
    76 | D        | Found a white marble altar of Elyvilon.
    76 | D        | Found a blossoming altar of Fedhas.
    76 | D        | Found an opulent altar of Gozag.
    77 | D        | Found a hazy altar of Hepliaklqana.
    78 | D        | Found a viscous altar of Jiyva.
    79 | D        | Found an ancient bone altar of Kikubaaqudgha.
    80 | D        | Found a corrupted altar of Lugonu.
    81 | D        | Found a burning altar of Makhleb.
    82 | D        | Found a sparkling altar of Nemelex Xobeh.
    83 | D        | Found an iron altar of Okawaru.
    84 | D        | Found a stormy altar of Qazlal.
    85 | D        | Found a sacrificial altar of Ru.
    86 | D        | Found a deep blue altar of Sif Muna.
    87 | D        | Found a bloodstained altar of Trog.
    88 | D        | Found a hide-covered altar of Uskayaw.
    89 | D        | Found a radiant altar of Vehumet.
    90 | D        | Found an ornate altar of the Wu Jian Council.
    91 | D        | Found a shimmering altar of Xom.
    92 | D        | Found a basalt altar of Yredelemnul.
    93 | D        | Found a glowing silver altar of Zin.
    94 | D        | Found a glowing golden altar of the Shining One.
   120 | D        | Noticed a centaur
   120 | D        | Noticed an eye of draining
   120 | D        | Noticed a troll
   120 | D        | Noticed a phantom
   122 | D        | Reached **** piety under Trog
   126 | D        | Killed a phantom
   126 | D        | Reached skill level 8 in Unarmed Combat
   131 | D        | Killed a troll
   131 | D        | Reached skill level 10 in Unarmed Combat
   131 | D        | Reached XP level 6. HP: 64/68 MP: 0/5
   134 | D        | Reached XP level 7. HP: 75/78 MP: 0/6
   138 | D        | Reached ***** piety under Trog
   138 | D        | Reached skill level 11 in Unarmed Combat
   184 | D        | Noticed a centaur warrior
   184 | D        | Noticed a kobold demonologist
   184 | D        | Noticed a hungry ghost
   189 | D        | Killed a hungry ghost
   191 | D        | Noticed a sun demon
   192 | D        | Killed a kobold demonologist
   192 | D        | Reached skill level 12 in Unarmed Combat
   192 | D        | Reached XP level 8. HP: 88/88 MP: 7/7
   198 | D        | Killed a centaur warrior
   198 | D        | Reached skill level 13 in Unarmed Combat
   202 | D        | Received a gift from Trog
   352 | D        | Noticed a rime drake
   352 | D        | Noticed a black mamba
   352 | D        | Noticed a spiny frog
   352 | D        | Noticed a hippogriff
   355 | D        | Killed a hippogriff
   355 | D        | Reached skill level 14 in Unarmed Combat
   355 | D        | Reached XP level 9. HP: 98/98 MP: 8/8
   361 | D        | Killed a spiny frog
   368 | D        | Killed a black mamba
   368 | D        | Reached skill level 10 in Dodging
   368 | D        | Reached skill level 15 in Unarmed Combat
   370 | D        | Killed a rime drake
   377 | D        | Reached ****** piety under Trog
   462 | D        | Noticed a spiny frog
   462 | D        | Noticed a spiny frog
   464 | D        | Noticed a black mamba
   465 | D        | Killed a spiny frog
   466 | D        | Received a gift from Trog
   470 | D        | Reached skill level 16 in Unarmed Combat
   470 | D        | Reached XP level 10. HP: 110/110 MP: 9/9
   472 | D        | Reached skill level 10 in Fighting
   477 | D        | Killed a spiny frog
   483 | D        | Killed a black mamba
   526 | D        | Received a gift from Trog
   536 | D        | Reached skill level 17 in Unarmed Combat
   621 | D        | Noticed Grum
   629 | D        | Killed Grum
   629 | D        | Received a gift from Trog
   705 | D        | Reached skill level 1 in Maces & Flails
   712 | D        | Received a gift from Trog
   782 | D        | Received a gift from Trog
   785 | D        | Noticed an orc sorcerer
   789 | D        | Noticed a soul eater
   801 | D        | Killed an orc sorcerer
   801 | D        | Reached XP level 11. HP: 54/120 MP: 10/10
   805 | D        | Reached skill level 5 in Maces & Flails
   806 | D        | Received a gift from Trog
   957 | D        | Found Masygg's Antique Armour Boutique.
   957 | D        | Noticed an orc sorcerer
   957 | D        | Noticed an orc sorcerer
   966 | D        | Killed an orc sorcerer
   968 | D        | Noticed an orc sorcerer
   970 | D        | Killed an orc sorcerer
   977 | D        | Killed an orc sorcerer
   984 | D        | Received a gift from Trog
   985 | D        | Noticed an orc sorcerer
  1004 | D        | Paralysed by an orc sorcerer for 5 turns
  1009 | D        | Noticed a sun demon
  1010 | D        | Killed an orc sorcerer
  1010 | D        | Received a gift from Trog
  1027 | D        | Found Dotzeat's Jewellery Shop.
  1031 | D        | Found Faxketen's Assorted Antiques.
  1035 | D        | Found Den Poff's Magic Scroll Shop.
  1038 | D        | Noticed an orc sorcerer
  1038 | D        | Paralysed by an orc sorcerer for 6 turns
  1051 | D        | Killed an orc sorcerer
  1062 | D        | Received a gift from Trog
  1068 | D        | Bought an embroidered scarf for 152 gold pieces
  1070 | D        | Bought the amulet of Yendor {rPois Regen+ Stlth+} for 528
                  | gold pieces
  1070 | D        | Bought a +4 ring of evasion for 432 gold pieces
  1136 | D        | Noticed Gastronok
  1151 | D        | Killed Gastronok
  1273 | D        | Got the +1 robe of the Game Afoot {rN+ Stlth+}
  1314 | D        | Noticed an orb spider
  1323 | D        | Killed an orb spider
  1332 | D        | Received a gift from Trog
  1388 | D        | Noticed a centaur warrior
  1389 | D        | Noticed an ice dragon
  1391 | D        | Received a gift from Trog
  1394 | D        | Noticed a rakshasa
  1395 | D        | Noticed a deep troll shaman
  1396 | D        | Noticed a tengu warrior
  1398 | D        | Reached skill level 10 in Maces & Flails
  1402 | D        | Killed a centaur warrior
  1404 | D        | HP: 5/124 [ice dragon (illusionary) (13)]
  1405 | D        | Killed from afar by an ice dragon (illusionary)

Skill      XL: |  1  2  3  4  5  6  7  8  9 10 11 |
---------------+----------------------------------+-----
Fighting       | 3 5 6 7 8 9 11 12 | 12.6
Dodging        | 3 5 6 7 8 9 10 11 13 | 13.0
Unarmed Combat | 5 7 10 12 14 16 17 | 17.4
Maces & Flails | 4 10 | 10.5
Stealth        | |  0.3

Action                   |  1- 3 |  4- 6 |  7- 9 | 10-12 || total
-------------------------+-------+-------+-------+-------++-------
Melee: Unarmed           |    18 |    15 |    41 |    93 ||   167
       Punch             |       |     3 |     4 |     8 ||    15
       Giant spiked club |       |       |       |    97 ||    97
Invok: Berserk           |     1 |     1 |     3 |     7 ||    12
  Use: Scroll            |       |       |       |     4 ||     4
       Potion            |       |       |       |     1 ||     1
  Eat: Chunk             |       |     7 |     6 |    16 ||    29
Armor: Animal skin       |     9 |     2 |     2 |    24 ||    37
       Robe              |       |       |       |     7 ||     7
Dodge: Dodged            |     4 |     4 |    16 |   122 ||   146
